 Dungeon Crawl Stone Soup version 0.28-a0-704-g4d584c6bc1 (webtiles) character file.

Game seed: 17801069192146321840

25 MacCMillion the Skirmisher (level 3, 29/30 HPs)
             Began as a Barachi Fighter on Oct 24, 2021.
             Quit the game on level 2 of the Dungeon.
             The game lasted 00:01:45 (654 turns).

MacCMillion the Skirmisher (Barachi Fighter)         Turns: 654, Time: 00:01:45

Health: 29/30      AC:  7    Str: 18    XL:     3   Next: 6%
Magic:  1/1        EV:  9    Int:  8    God:
Gold:   67         SH:  4    Dex: 11    Spells: 2/2 levels left

rFire   . . .      SeeInvis .   i - +2 short sword (antimagic)
rCold   . . .      Faith    .   c - +0 buckler
rNeg    . . .      Spirit   .   b - +0 scale mail
rPois   .          Reflect  .   (no helmet)
rElec   .          Harm     .   (no cloak)
rCorr   .          Rampage  .   (no gloves)
Will    .....                   (no boots)
Stlth   ..........              (no amulet)
HPRegen 0.10/turn               (no ring)
MPRegen 0.07/turn               (no ring)

@: slow
A: amphibious, slowness 1, strong legs 1, +LOS
a: Hop


You were on level 2 of the Dungeon.
You visited 1 branch of the dungeon, and saw 2 of its levels.

You collected 67 gold pieces.

Inventory:

Hand Weapons
 a - a +0 long sword
 i - a +2 antimagic short sword (weapon)
Armour
 b - a +0 scale mail (worn)
 c - a +0 buckler (worn)
Jewellery
 e - an amulet of faith
Scrolls
 f - a scroll of enchant weapon {unknown}
 h - a scroll of identify {unknown}
 j - a scroll of magic mapping {unknown}
Potions
 d - a potion of might
 g - a potion of magic {unknown}
 k - a potion of flight {unknown}


   Skills:
 + Level 4.1 Fighting
 + Level 2.9 Long Blades
 + Level 3.8 Armour
 + Level 3.7 Shields


You had 2 spell levels left.
You didn't know any spells.
Your spell library was empty.

Dungeon Overview and Level Annotations

Branches:
Dungeon (2/15)

Altars:
Fedhas


Innate Abilities, Weirdness & Mutations

You are amphibious.
You cover ground slowly.
You can hop short distances.
You have an extended range of vision and can be seen from far away.


Message History

Done exploring.
There is a faded altar of an unknown god here.
There is a stone staircase leading down here.
You climb downwards.
Found a dagger.
Found a stone staircase leading down.
There is a stone staircase leading up here.
A bat comes into view.
A bat is nearby!
The bat misses you.
You barely miss the bat. The bat hits you but does no damage.
The bat hits you but does no damage. The bat completely misses you.
You see here a +0 dagger.
You hit the bat.
You kill the bat!
You have reached level 3!
Your experience leads to an increase in your attributes!
Increase (S)trength, (I)ntelligence, or (D)exterity?
You feel stronger.
Found a stone staircase leading up.
No target in view!
No target in view!
k - a dark potion A bat comes into view.
A bat is nearby!
The bat closely misses you.
You closely miss the bat. The bat hits you but does no damage.
You hit the bat.
You kill the bat!
No target in view!
No target in view!
Found a falchion.
An endoplasm comes into view.
An endoplasm is nearby!
Found a blossoming altar of Fedhas.
The endoplasm hits you.
You puncture the endoplasm!
You kill the endoplasm!
No target in view!
You see here a +0 falchion.
Are you sure you want to abandon this character and quit the game? (Confirm with "yes".)

....... #.......# #....#
.....#.####.......# #....#
.._......##.......###....#
.........##..............#
.........##.......##.....# #
.........##..............# #
#........#........##.....###
#....................##
#####.@..............##
#..........†.....##
#.............##.##
#............###.##
#............#.....
#.....########.#.#. #.....#
#.#.#. #.....# #.#...
####### #.#.#.


There were no monsters in sight!

Vanquished Creatures
  4 bats
  4 endoplasms
  A giant cockroach (D:1)
  2 goblins (D:1)
  4 hobgoblins (D:1)
  4 kobolds (D:1)
  A frilled lizard (D:1)
  4 rats (D:1)
24 creatures vanquished.

Notes
Turn   | Place    | Note
-------+----------+-------------------------------------------
     0 | D:1      | MacCMillion the Barachi Fighter began the quest for the
                  | Orb.
     0 | D:1      | Reached XP level 1. HP: 18/18 MP: 1/1
   125 | D:1      | Reached XP level 2. HP: 20/25 MP: 2/2
   412 | D:1      | Reached skill level 4 in Fighting
   501 | D:1      | Found a faded altar of an unknown god.
   574 | D:2      | Reached XP level 3. HP: 30/30 MP: 1/3
   647 | D:2      | Found a blossoming altar of Fedhas.
   654 | D:2      | Quit the game

Illustrated notes

Levels and vault maps discovered:
D:1:      dpeg_arrival_pond, layout_basic, ebering_ecumenical_altar_hall
D:2:      layout_basic, basic_altar

Skill      XL: |  1  2 |
---------------+-------+-----
Fighting       | 4 |  4.1
Long Blades    | |  2.9
Armour         | |  3.8
Shields        | |  3.7

Action                   || total
-------------------------++-------
Melee: Long sword        ||    47
       Short sword       ||     8
Armor: Scale mail        ||    37
Dodge: Dodged            ||    31
Block: Buckler           ||    12

Table legend: (Time is in decaauts)
 A = Elapsed time spent in this place.
 B = Non-inter-level travel time spent in this place.
 C = Inter-level travel time spent in this place.
 D = Time resting spent in this place.
 E = Time spent auto-exploring this place.
 F = Levels seen in this place.
 G = Mean time per level.
                   A        B        C        D        E       F      G
               +--------+--------+--------+--------+--------+-----+--------+
         Total |    757 |    720 |     37 |      0 |    531 |   2 |  378.5 |
       Dungeon |    757 |    720 |     37 |      0 |    531 |   2 |  378.5 |
               +--------+--------+--------+--------+--------+-----+--------+

Top non-repeatable levels by time:
     D:1: 649 daAuts
     D:2: 107 daAuts
